 Dungeon Crawl Stone Soup version 0.25-a0-353-ged6d54792d (webtiles) character file.

Game seed: 7756442601008356532, levelgen mode: deterministic

1829 Essalna the Zephyrmancer (level 9, -1/49 HPs)
             Began as a Tengu Air Elementalist on Jan 2, 2020.
             Was an Initiate of Vehumet.
             Slain by a hippogriff (2 damage)
             ... on level 7 of the Dungeon.
             The game lasted 00:26:03 (7724 turns).

Essalna the Zephyrmancer (Tengu Air Elementalist)   Turns: 7724, Time: 00:26:03

Health: -1/49      AC:  2    Str:  9    XL:     9   Next: 11%
Magic:  1/18       EV: 18    Int: 18    God:    Vehumet [......]
Gold:   383        SH:  6    Dex: 15    Spells: 12/18 levels left

rFire    + + .     SeeInvis .   g - +0 short sword (curse)
rCold    + . .     Gourm    .   k - +1 buckler
rNeg     . . .     Faith    .   a - +0 robe
rPois    .         Spirit   .   (helmet restricted)
rElec    .         Reflect  .   v - scarf {rC+ rF+}
rCorr    .         Harm     .   (no gloves)
MR       .....                  (boots unavailable)
Stlth    ++........             (no amulet)
HPRegen  0.16/turn              o - +4 ring of evasion
MPRegen  0.16/turn              y - ring of protection from fire

@: no status effects
A: beak, talons 3, able to fly
a: Fly, Renounce Religion


You were on level 7 of the Dungeon.
You worshipped Vehumet.
Vehumet was noncommittal.
You were very hungry.

You visited 2 branches of the dungeon, and saw 8 of its levels.

You collected 383 gold pieces.

Inventory:

Hand Weapons
 d - a +0 dagger
 g - a cursed +0 short sword (weapon)
 u - a +0 dagger of venom
Armour
 a - a +0 robe (worn)
 k - a +1 buckler (worn)
 v - a scarf of resistance (worn)
Magical Staves
 r - an uncursed staff of death {unknown}
Jewellery
 o - a +4 ring of evasion (left hand)
 s - an uncursed ring of fire
 y - a ring of protection from fire (right hand)
Wands
 w - a wand of paralysis (9)
 F - a wand of digging (4)
 G - a wand of enslavement (10)
Scrolls
 b - 5 scrolls of identify
 f - 2 scrolls of noise {unknown}
 l - a scroll of magic mapping
 p - 2 scrolls of teleportation {unknown}
 t - 5 scrolls of remove curse {unknown}
 x - 2 scrolls of amnesia
Potions
 e - a potion of degeneration
 h - a potion of resistance {unknown}
 i - 3 potions of might {unknown}
 j - 5 potions of curing
 m - a potion of ambrosia {unknown}
 n - 2 potions of brilliance {unknown}
 q - 2 potions of flight {unknown}
 z - a potion of lignification {unknown}
 A - a potion of haste {unknown}
 B - a potion of agility {unknown}
 C - 3 potions of invisibility {unknown}
 D - a potion of magic {unknown}
Comestibles
 c - 9 rations


   Skills:
 + Level 2.5 Fighting
 + Level 2.8 Armour
 + Level 3.7 Dodging
 - Level 2.0 Stealth
 - Level 4.0 Shields
 + Level 5.3 Spellcasting
 + Level 7.2 Conjurations
 + Level 8.0 Air Magic


You had 12 spell levels left.
You knew the following spells:

 Your Spells              Type           Power        Failure   Level  Hunger
a - Shock                 Conj/Air       ####         1%          1    None
b - Swiftness             Chrm/Air       ###.....     3%          2    #......
c - Static Discharge      Conj/Air       ####....     1%          3    ##.....

Your spell library contained the following spells:

 Spells                   Type           Power        Failure   Level  Hunger
 Airstrike                Air            ####......   4%          4    ####...
 Animate Skeleton         Necr           N/A          13%         1    None
 Pain                     Necr           #...         13%         1    None
 Lightning Bolt           Conj/Air       ####......   16%         5    ######.
 Regeneration             Chrm/Necr      #.........   36%         3    ##.....
 Vampiric Draining        Necr           #.........   36%         3    ##.....
 Animate Dead             Necr           N/A          77%         4    ####...


Dungeon Overview and Level Annotations

Branches:
Dungeon (7/15)             Temple (1/1) D:4

Altars:
Ashenzari
Cheibriados
Dithmenos
Elyvilon
Gozag
Kikubaaqudgha
Makhleb
Nemelex Xobeh
Okawaru
Qazlal
Ru
Sif Muna
Trog
Uskayaw
Vehumet
Wu Jian
Xom
Yredelemnul
Zin
The Shining One

Shops:
D:4 (

Annotations:
D:6 exclusion: statue


Innate Abilities, Weirdness & Mutations

You have a beak for a mouth.
You have claws for feet.
You can fly continuously.


Message History

The hippogriff completely misses you. The hippogriff closely misses you.
Casting: Static Discharge (safe; 1% risk of failure)
Confirm with . or Enter, or press ? or * to list all spells.
Aiming: Shock (safe; 1% risk of failure)
Press: ? - help, Shift-Dir - straight line The zap misses the hippogriff.
The hippogriff closely misses you. The hippogriff pecks you.
* * * LOW HITPOINT WARNING * * *
The hippogriff claws you.
* * * LOW HITPOINT WARNING * * *
Casting: Shock (safe; 1% risk of failure)
Confirm with . or Enter, or press ? or * to list all spells.
Aiming: Shock (safe; 1% risk of failure)
Press: ? - help, Shift-Dir - straight line The zap hits the hippogriff!
The hippogriff is almost dead.
The hippogriff bites you!
* * * LOW HITPOINT WARNING * * *
The hippogriff pecks you.
You die...

#.##. .. #.##.
#.#######.##. ##
#.##......... ...
##.......#.##. ...^
##...#.##.#.##.
.....#####..............
........##.......#.#.###
.......@.............#
..>..##H##....####.###
... #.##.##......# .
#..#.######### ##.#.#
.#.# ...# .###


You could see a hippogriff.

Vanquished Creatures
  Sigmund (D:5)
  An orc warrior (D:5)
  A sky beast (D:5)
  An ice beast (D:6)
  2 ogres
  2 phantoms
  2 centaurs (D:5)
  2 scorpions
  A howler monkey (D:4)
  3 crimson imps
  5 hounds
  An orc priest (D:5)
  A jelly (D:7)
  5 orc wizards
  3 worker ants
  A hound skeleton (D:3)
  9 adders
  A shadow imp (D:4)
  An adder zombie (D:6)
  2 adder skeletons
  A worm (D:2)
  4 dart slugs
  5 leopard geckos
  17 orcs
  4 giant cockroaches
  8 goblins
  13 hobgoblins
  10 kobolds
  2 quokkas
  A ball python (D:3)
  6 bats
  3 frilled lizards
  A leopard gecko skeleton (D:5)
  8 rats
128 creatures vanquished.

Vanquished Creatures (others)
  A leopard gecko (D:2)
  2 quokkas (D:2)
3 creatures vanquished.

Grand Total: 131 creatures vanquished

Notes
Turn   | Place    | Note
-------+----------+-------------------------------------------
     0 | D:1      | Essalna the Tengu Air Elementalist began the quest for the
                  | Orb.
     0 | D:1      | Reached XP level 1. HP: 10/10 MP: 4/4
   156 | D:1      | Reached XP level 2. HP: 15/15 MP: 0/6
   777 | D:1      | Reached XP level 3. HP: 19/19 MP: 3/7
  1558 | D:2      | Reached XP level 4. HP: 18/24 MP: 0/9
  1741 | D:2      | Found a white marble altar of Elyvilon.
  1762 | D:2      | Reached skill level 1 in Shields
  1872 | D:2      | Found a burning altar of Makhleb.
  1929 | D:2      | Reached skill level 5 in Air Magic
  1929 | D:2      | Gained mutation: You can fly continuously. [Tengu growth]
  1929 | D:2      | Reached XP level 5. HP: 24/28 MP: 1/10
  2469 | D:3      | You fall into a shaft and drop 2 floors!
  2469 | D:5      | Entered Level 5 of the Dungeon
  2470 | D:5      | Noticed a phantom
  2473 | D:5      | Noticed a sky beast
  2528 | D:5      | Killed a phantom
  2528 | D:5      | Reached XP level 6. HP: 17/32 MP: 0/12
  2945 | D:4      | Found Nocugosch's Antique Weapon Emporium.
  3471 | D:3      | Reached skill level 6 in Air Magic
  3621 | D:4      | Learned a level 2 spell: Swiftness
  3625 | D:4      | Learned a level 3 spell: Static Discharge
  3630 | D:4      | Found a staircase to the Ecumenical Temple.
  3643 | Temple   | Entered the Ecumenical Temple
  4263 | D:4      | Reached XP level 7. HP: 25/36 MP: 0/13
  4308 | D:4      | Reached skill level 5 in Conjurations
  5689 | D:5      | Reached skill level 7 in Air Magic
  5689 | D:5      | Reached XP level 8. HP: 20/41 MP: 9/15
  6238 | D:5      | Noticed Sigmund
  6257 | D:5      | Killed Sigmund
  6257 | D:5      | Reached skill level 1 in Fighting
  6257 | D:5      | Reached skill level 1 in Armour
  6436 | D:5      | Found a shimmering blue altar of Sif Muna.
  6479 | D:5      | Reached skill level 5 in Spellcasting
  6636 | D:5      | Found an ancient bone altar of Kikubaaqudgha.
  6919 | D:6      | Found an iron altar of Okawaru.
  7072 | D:6      | Reached XP level 9. HP: 48/48 MP: 8/17
  7252 | D:6      | Reached skill level 8 in Air Magic
  7421 | D:6      | Found a radiant altar of Vehumet.
  7427 | D:6      | Became a worshipper of Vehumet
  7724 | D:7      | HP: 1/49 [hippogriff (7)]
  7724 | D:7      | Slain by a hippogriff

Levels and vault maps discovered:
D:1:      kennysheep_arrival_forest, layout_basic
D:2:      layout_loops_cross, makhleb_grotto_becter, elyvilon_altar_4
D:3:      layout_loops_ring
D:4:      layout_rooms, temple_fountains, serial_shops, kennysheep_mini
D:5:      layout_rooms, led_sif_pool, kennysheep_mini_moat, first_ration,
          corexii_item_surrounded_by_moat, guppyfry_early_orc_mine, uniq_sigmund
D:6:      layout_loops_ring, lemuel_round_altar, vehumet_statue,
          serial_bayou_crossing
D:7:      layout_loops_cross, minmay_hedge_maze, minmay_manual_monstrance
Temple:   minmay_temple_curvy_branch

Skill      XL: |  1  2  3  4  5  6  7  8  9 |
---------------+----------------------------+-----
Conjurations   | 2 3 4 5 7 |  7.2
Shields        | 1 2 3 4 |  4.0
Spellcasting   | 3 4 5 |  5.3
Air Magic      | 5 6 7 8 |  8.0
Fighting       | 2 |  2.5
Armour         | 2 |  2.8
Dodging        | 3 |  3.7
Stealth        | |  2.0

Action                   |  1- 3 |  4- 6 |  7- 9 || total
-------------------------+-------+-------+-------++-------
Melee: Dagger            |    15 |       |       ||    15
       Peck              |     1 |     2 |     6 ||     9
       Short sword       |       |    34 |    13 ||    47
       Kick              |       |     8 |     6 ||    14
 Cast: Shock             |    75 |   112 |   151 ||   338
       Static Discharge  |       |     2 |    24 ||    26
Evoke: Wand              |       |       |     3 ||     3
  Use: Scroll            |       |     5 |       ||     5
 Stab: Sleeping          |     1 |       |       ||     1
       Paralysed         |       |       |     6 ||     6
  Eat: Chunk             |     3 |     5 |    11 ||    19
       Ration            |       |     1 |       ||     1
Armor: Robe              |     1 |     5 |     3 ||     9
Dodge: Dodged            |    17 |    32 |    65 ||   114
Block: Buckler           |     2 |    12 |    20 ||    34

Table legend:
 A = Non-vault XP
 B = Vault XP
 C = Vault XP percentage of total XP
 D = Non-vault monster count
 E = Vault monster count
 F = Vault count percentage of total count
                 A         B        C        D         E       F
            +---------+---------+-------+---------+---------+-------
      Total |    2106 |     507 |  19.4 |     119 |       9 |   7.0
            +---------+---------+-------+---------+---------+-------
        D:1 |      37 |       0 |   0.0 |      23 |       0 |   0.0
        D:2 |     110 |      50 |  31.2 |      26 |       1 |   3.7
        D:3 |     156 |       0 |   0.0 |      21 |       0 |   0.0
        D:4 |     414 |       0 |   0.0 |      18 |       0 |   0.0
        D:5 |     789 |     457 |  36.7 |      17 |       8 |  32.0
        D:6 |     560 |       0 |   0.0 |      13 |       0 |   0.0
        D:7 |      40 |       0 |   0.0 |       1 |       0 |   0.0
            +---------+---------+-------+---------+---------+-------
